 Dungeon Crawl Stone Soup version 0.26.1-10-gdfb7c7de75 (webtiles) character file.

Game seed: 9523747767399480571

130 H0rd4k the Charlatan (level 5, -2/38 HPs)
             Began as a Human Artificer on Apr 8, 2021.
             Slain by an orc
             ... wielding a +0 club
              (4 damage)
             ... on level 3 of the Dungeon.
             The game lasted 00:01:53 (2533 turns).

H0rd4k the Charlatan (Human Artificer)              Turns: 2533, Time: 00:01:54

Health: -2/38      AC:  3    Str: 14    XL:     5   Next: 36%
Magic:  5/5        EV: 12    Int: 11    God:
Gold:   106        SH:  0    Dex: 13    Spells: 4/4 levels left

rFire    . . .     SeeInvis .   l - +1 dagger (venom)
rCold    . . .     Faith    .   (no shield)
rNeg     . . .     Spirit   .   b - +0 leather armour
rPois    .         Reflect  .   (no helmet)
rElec    .         Harm     .   (no cloak)
rCorr    .         Rampage  .   (no gloves)
Will     .....                  (no boots)
Stlth    ++........             (no amulet)
HPRegen  0.12/turn              (no ring)
MPRegen  0.09/turn              (no ring)

@: no status effects
A: no striking features
a: no special abilities


You were on level 3 of the Dungeon.
You visited 1 branch of the dungeon, and saw 3 of its levels.

You collected 106 gold pieces.

Inventory:

Hand Weapons
 l - a +1 dagger of venom (weapon)
Armour
 b - a +0 leather armour (worn)
Wands
 c - a wand of flame (13) (quivered)
 d - a wand of enslavement (15)
 e - a wand of random effects (15)
Scrolls
 a - 2 scrolls of identify {unknown}
 f - 3 scrolls of teleportation {unknown}
 g - 3 scrolls of remove curse {unknown}
 j - a scroll of enchant weapon {unknown}
 k - a scroll of blinking {unknown}
Potions
 h - 2 potions of degeneration {unknown}
 i - a potion of curing {unknown}


   Skills:
 + Level 2.1 Fighting
 + Level 1.3 Short Blades
 + Level 2.8 Armour
 + Level 2.3 Dodging
 + Level 1.5 Stealth
 + Level 3.5 Evocations


You had 4 spell levels left.
You didn't know any spells.
Your spell library was empty.

Dungeon Overview and Level Annotations

Branches:
Dungeon (3/15)

Altars:


Message History

The orc priest is almost dead.
You kill the orc priest!
* * * LOW HITPOINT WARNING * * *
You feel sick.
You are no longer poisoned.
The orc looks more healthy.
The orc wizard gestures at itself while chanting.
The orc wizard flickers and vanishes!
Deactivating autopickup; reactivate with Ctrl-A.
You see here a goblin skeleton.
There is a stone staircase leading down here.
You climb downwards.
Reactivating autopickup.
The frilled lizard barely misses you. The orc barely misses you.
The rat misses you. The frilled lizard bites you.
* * * LOW HITPOINT WARNING * * *
There is a stone staircase leading up here.
Unknown command.
You closely miss the rat. The orc hits you with a +0 club.
You die...

.....## .......
....... ......#
#.#.#####......#
........oo.or...
#.#####.#.###.##
#ro#.#...
#@l..###l..
###### ##... ..
+


You could see an orc, a frilled lizard and a rat.

Vanquished Creatures
  An orc priest (D:2)
  6 adders
  A dart slug (D:1)
  2 leopard geckos
  2 ball pythons
  12 bats
  2 giant cockroaches (D:2)
  4 goblins
  5 hobgoblins
  4 kobolds
  A frilled lizard (D:1)
  2 rats
42 creatures vanquished.

Notes
Turn   | Place    | Note
-------+----------+-------------------------------------------
     0 | D:1      | H0rd4k the Human Artificer began the quest for the Orb.
     0 | D:1      | Reached XP level 1. HP: 15/15 MP: 1/1
   287 | D:1      | Reached XP level 2. HP: 20/21 MP: 2/2
   771 | D:1      | Reached XP level 3. HP: 25/26 MP: 3/3
  1187 | D:2      | Reached XP level 4. HP: 17/32 MP: 4/4
  2022 | D:2      | Reached skill level 1 in Short Blades
  2497 | D:3      | Reached XP level 5. HP: 30/38 MP: 5/5
  2517 | D:2      | HP: 1/38 [poisoned by an adder]
  2533 | D:3      | Slain by an orc

Illustrated notes

Levels and vault maps discovered:
D:1:      minmay_arrival_shattered_statue, layout_basic
D:2:      layout_basic
D:3:      layout_basic, general_overflow_altar, kennysheep_slug_shrine,
          uniq_robin

Skill      XL: |  1  2  3  4 |
---------------+-------------+-----
Dodging        | 2 |  2.3
Short Blades   | 1 |  1.3
Fighting       | 2 |  2.1
Armour         | |  2.8
Stealth        | |  1.5
Evocations     | |  3.5

Action                   |  1- 3 |  4- 6 || total
-------------------------+-------+-------++-------
Melee: Club              |    51 |       ||    51
       Short sword       |    31 |       ||    31
       Dagger            |    32 |    68 ||   100
Evoke: Wand              |     2 |       ||     2
 Stab: Sleeping          |       |     1 ||     1
Armor: Leather armour    |    48 |    16 ||    64
Dodge: Dodged            |    85 |    44 ||   129
